[ PARTIDA AOE2 · #493915381 ]
UnrankedVikingos vs Cumans
Equipo del jugador · VICT
Equipo rival · DERR
[ ANÁLISIS DE REPETICIÓN · EXTRAÍDO DE LA PARTIDA GRABADA ]
Feudal
10:07
Castillos
22:33
Imperial
—
| APM promedio | 87.4 |
| APM pico | 157 |
| eAPM promedio | 53.0 |
| Aldeanos / militares | 71 / 54 |
Foco
⚔️ 68.7% · 🌾 31.3%
Skirmisher ×22 · Cavalry Archer ×15 · Archer ×11 · Militia ×5 · Spearman ×1
Feudal
9:20
Castillos
—
Imperial
—
| APM promedio | 87.3 |
| APM pico | 145 |
| eAPM promedio | 41.8 |
| Aldeanos / militares | 62 / 36 |
Foco
⚔️ 54.1% · 🌾 45.9%
Skirmisher ×29 · Scout Cavalry ×6 · Spearman ×1
Mapa de la partida
Recursos iniciales + cada clic de construcción. Líneas = muros · curvas = relieve. ◆ oro · ⬟ piedra · ● bayas · ✦ reliquia · ◌ hueco del cierre
Tu base· Abierta — flanco sin cerrar
Base de wR.Lucho· Abierta — hueco de 4t
Terreno inicial suavizado · ◌ = hueco del cierre detectado · pasá el cursor para detalles
Inputs por minuto
— DS_Overtaken - - wR.Lucho
Build order — DS_Overtaken
Primeras 150 de 227 acciones detectadas
| 0:00 | Crear | Villager (Male) |
| 0:01 | Crear | Villager (Male) |
| 0:01 | Crear | Villager (Male) |
| 0:02 | Construir | House |
| 0:04 | Construir | House |
| 0:07 | Crear | Villager (Male) |
| 1:25 | Crear | Villager (Male) |
| 1:26 | Crear | Villager (Male) |
| 1:46 | Construir | Lumber Camp |
| 1:58 | Crear | Villager (Male) |
| 1:58 | Crear | Villager (Male) |
| 2:17 | Crear | Villager (Male) |
| 2:50 | Crear | Villager (Male) |
| 3:10 | Crear | Villager (Male) |
| 3:41 | Crear | Villager (Male) |
| 3:49 | Construir | House |
| 4:08 | Crear | Villager (Male) |
| 4:32 | Crear | Villager (Male) |
| 4:52 | Construir | Barracks |
| 4:56 | Crear | Villager (Male) |
| 5:02 | Construir | House |
| 5:13 | Crear | Villager (Male) |
| 5:48 | Crear | Villager (Male) |
| 5:50 | Crear | Militia |
| 6:06 | Crear | Militia |
| 6:06 | Crear | Villager (Male) |
| 6:13 | Construir | House |
| 6:31 | Construir | Mill |
| 6:34 | Crear | Villager (Male) |
| 6:58 | Crear | Villager (Male) |
| 6:59 | Crear | Villager (Male) |
| 7:23 | Investigar | Loom |
| 7:57 | Investigar | Feudal Age |
| 7:57 | Investigar | Feudal Age |
| 7:57 | Investigar | Feudal Age |
| 7:57 | Investigar | Feudal Age |
| 8:25 | Crear | Militia |
| 8:48 | Crear | Militia |
| 8:50 | Construir | Mill |
| 9:02 | Crear | Militia |
| 9:20 | Construir | Farm |
| 9:30 | Construir | House |
| 10:03 | Crear | Villager (Male) |
| 10:07 | Edad | Edad Feudal |
| 10:09 | Investigar | Man-at-Arms (upgrade) |
| 10:09 | Investigar | Man-at-Arms (upgrade) |
| 10:30 | Crear | Villager (Male) |
| 10:37 | Construir | Mining Camp |
| 10:58 | Crear | Villager (Male) |
| 11:04 | Construir | Watch Tower |
| 11:07 | Crear | Villager (Male) |
| 11:27 | Crear | Villager (Male) |
| 11:38 | Crear | Villager (Male) |
| 11:41 | Crear | Villager (Male) |
| 11:51 | Crear | Villager (Male) |
| 12:00 | Crear | Villager (Male) |
| 12:04 | Crear | Villager (Male) |
| 12:12 | Construir | Farm |
| 12:12 | Construir | Farm |
| 12:17 | Construir | Farm |
| 12:18 | Construir | Farm |
| 12:19 | Construir | Farm |
| 12:41 | Construir | Watch Tower |
| 12:43 | Crear | Villager (Male) |
| 12:44 | Construir | Farm |
| 12:48 | Construir | House |
| 13:01 | Investigar | Double-Bit Axe |
| 13:11 | Crear | Villager (Male) |
| 13:50 | Crear | Villager (Male) |
| 14:10 | Crear | Villager (Male) |
| 14:13 | Construir | Archery Range |
| 14:19 | Construir | Farm |
| 14:27 | Construir | Watch Tower |
| 14:35 | Construir | Farm |
| 14:47 | Crear | Villager (Male) |
| 14:48 | Crear | Skirmisher |
| 14:48 | Crear | Skirmisher |
| 14:48 | Crear | Skirmisher |
| 15:03 | Crear | Villager (Male) |
| 15:03 | Crear | Skirmisher |
| 15:04 | Crear | Skirmisher |
| 15:14 | Crear | Villager (Male) |
| 15:15 | Crear | Villager (Male) |
| 15:22 | Crear | Skirmisher |
| 15:29 | Crear | Villager (Male) |
| 15:31 | Construir | Blacksmith |
| 15:40 | Crear | Skirmisher |
| 15:50 | Crear | Skirmisher |
| 16:01 | Crear | Skirmisher |
| 16:12 | Crear | Skirmisher |
| 16:13 | Construir | House |
| 16:15 | Construir | House |
| 16:17 | Construir | House |
| 16:19 | Construir | Palisade Wall |
| 16:27 | Construir | House |
| 16:28 | Crear | Villager (Male) |
| 16:37 | Crear | Skirmisher |
| 16:49 | Crear | Villager (Male) |
| 16:52 | Construir | Mining Camp |
| 16:58 | Crear | Skirmisher |
| 17:04 | Construir | Palisade Wall |
| 17:04 | Construir | Palisade Wall |
| 17:05 | Construir | Palisade Wall |
| 17:11 | Construir | Palisade Wall |
| 17:16 | Construir | Palisade Wall |
| 17:17 | Construir | Palisade Wall |
| 17:25 | Construir | Palisade Wall |
| 17:29 | Crear | Skirmisher |
| 17:30 | Crear | Skirmisher |
| 17:41 | Crear | Villager (Male) |
| 17:42 | Crear | Skirmisher |
| 17:42 | Crear | Skirmisher |
| 17:48 | Investigar | Fletching |
| 17:48 | Investigar | Fletching |
| 18:07 | Crear | Villager (Male) |
| 18:08 | Crear | Villager (Male) |
| 18:09 | Crear | Skirmisher |
| 18:09 | Crear | Skirmisher |
| 18:15 | Crear | Skirmisher |
| 18:26 | Crear | Villager (Male) |
| 18:28 | Crear | Villager (Male) |
| 18:31 | Crear | Villager (Male) |
| 18:32 | Construir | Farm |
| 18:33 | Construir | Farm |
| 18:34 | Construir | Farm |
| 18:34 | Crear | Villager (Male) |
| 18:39 | Crear | Skirmisher |
| 18:45 | Crear | Spearman |
| 18:58 | Crear | Villager (Male) |
| 19:09 | Construir | House |
| 19:13 | Crear | Skirmisher |
| 19:14 | Construir | Archery Range |
| 19:15 | Crear | Villager (Male) |
| 19:19 | Crear | Skirmisher |
| 19:26 | Construir | Farm |
| 19:40 | Crear | Archer |
| 19:45 | Construir | House |
| 19:47 | Crear | Archer |
| 19:53 | Investigar | Castle Age |
| 19:53 | Investigar | Castle Age |
| 20:03 | Crear | Archer |
| 20:03 | Crear | Archer |
| 20:06 | Construir | House |
| 20:20 | Construir | Farm |
| 20:21 | Construir | Farm |
| 20:40 | Construir | Watch Tower |
| 20:51 | Construir | Watch Tower |
| 20:58 | Crear | Archer |
| 20:58 | Crear | Archer |
| 20:59 | Construir | House |
Build order — wR.Lucho
Primeras 150 de 196 acciones detectadas
| 0:01 | Crear | Villager (Male) |
| 0:02 | Construir | House |
| 0:02 | Construir | House |
| 0:07 | Crear | Villager (Male) |
| 0:07 | Crear | Villager (Male) |
| 0:08 | Crear | Villager (Male) |
| 1:34 | Crear | Villager (Male) |
| 2:02 | Crear | Villager (Male) |
| 2:24 | Construir | Lumber Camp |
| 2:29 | Crear | Villager (Male) |
| 2:29 | Crear | Villager (Male) |
| 2:29 | Crear | Villager (Male) |
| 3:20 | Crear | Villager (Male) |
| 3:37 | Crear | Villager (Male) |
| 3:37 | Crear | Villager (Male) |
| 3:38 | Crear | Villager (Male) |
| 3:53 | Construir | House |
| 3:55 | Crear | Villager (Male) |
| 4:25 | Crear | Villager (Male) |
| 4:26 | Construir | Mill |
| 5:15 | Crear | Villager (Male) |
| 5:43 | Crear | Villager (Male) |
| 6:11 | Crear | Villager (Male) |
| 6:30 | Construir | Palisade Wall |
| 6:38 | Investigar | Loom |
| 6:39 | Investigar | Loom |
| 6:42 | Construir | Palisade Wall |
| 6:59 | Construir | Palisade Wall |
| 7:01 | Construir | Palisade Wall |
| 7:10 | Investigar | Feudal Age |
| 7:34 | Construir | Palisade Wall |
| 7:56 | Crear | Villager (Male) |
| 8:08 | Construir | Palisade Wall |
| 8:09 | Construir | Palisade Wall |
| 8:29 | Construir | Palisade Wall |
| 8:30 | Construir | Palisade Wall |
| 8:40 | Crear | Villager (Male) |
| 8:43 | Construir | House |
| 8:53 | Construir | Palisade Wall |
| 8:54 | Construir | Palisade Wall |
| 8:57 | Crear | Villager (Male) |
| 9:02 | Construir | Barracks |
| 9:20 | Edad | Edad Feudal |
| 9:24 | Investigar | Double-Bit Axe |
| 9:37 | Construir | Archery Range |
| 9:37 | Crear | Spearman |
| 9:39 | Crear | Villager (Male) |
| 9:59 | Construir | House |
| 10:05 | Crear | Villager (Male) |
| 10:12 | Crear | Skirmisher |
| 10:26 | Crear | Villager (Male) |
| 10:29 | Construir | House |
| 10:30 | Investigar | Horse Collar |
| 10:30 | Investigar | Horse Collar |
| 10:32 | Crear | Skirmisher |
| 10:43 | Crear | Villager (Male) |
| 10:47 | Construir | Farm |
| 11:01 | Crear | Skirmisher |
| 11:05 | Construir | House |
| 11:17 | Crear | Villager (Male) |
| 11:19 | Construir | Watch Tower |
| 11:23 | Crear | Skirmisher |
| 11:52 | Crear | Villager (Male) |
| 11:52 | Crear | Skirmisher |
| 12:14 | Construir | Farm |
| 12:15 | Construir | Farm |
| 12:15 | Construir | Farm |
| 12:18 | Crear | Villager (Male) |
| 12:26 | Construir | Palisade Wall |
| 12:27 | Construir | Palisade Wall |
| 12:31 | Construir | Farm |
| 12:33 | Construir | Farm |
| 12:51 | Construir | Farm |
| 13:08 | Construir | Watch Tower |
| 13:21 | Construir | Palisade Wall |
| 13:34 | Crear | Villager (Male) |
| 13:37 | Construir | Farm |
| 13:38 | Construir | Farm |
| 13:58 | Crear | Villager (Male) |
| 14:13 | Construir | Farm |
| 14:13 | Construir | Farm |
| 14:17 | Construir | Mining Camp |
| 14:36 | Crear | Villager (Male) |
| 14:36 | Crear | Villager (Male) |
| 14:40 | Construir | Palisade Wall |
| 14:58 | Construir | Farm |
| 15:09 | Crear | Villager (Male) |
| 15:23 | Construir | Farm |
| 15:23 | Construir | Farm |
| 15:25 | Crear | Villager (Male) |
| 15:26 | Crear | Villager (Male) |
| 15:38 | Crear | Skirmisher |
| 15:56 | Crear | Skirmisher |
| 15:56 | Crear | Villager (Male) |
| 16:04 | Crear | Skirmisher |
| 16:09 | Crear | Villager (Male) |
| 16:19 | Crear | Skirmisher |
| 16:31 | Investigar | Wheelbarrow |
| 16:31 | Investigar | Wheelbarrow |
| 16:33 | Construir | House |
| 16:42 | Construir | House |
| 16:45 | Crear | Skirmisher |
| 16:53 | Construir | Farm |
| 17:24 | Crear | Villager (Male) |
| 17:27 | Crear | Skirmisher |
| 17:38 | Crear | Villager (Male) |
| 17:39 | Crear | Skirmisher |
| 17:41 | Crear | Villager (Male) |
| 17:50 | Crear | Skirmisher |
| 17:57 | Crear | Villager (Male) |
| 18:16 | Crear | Villager (Male) |
| 18:18 | Construir | Stable |
| 18:23 | Crear | Skirmisher |
| 18:49 | Crear | Scout Cavalry |
| 19:04 | Crear | Skirmisher |
| 19:06 | Crear | Villager (Male) |
| 19:08 | Construir | Farm |
| 19:16 | Crear | Scout Cavalry |
| 19:36 | Crear | Skirmisher |
| 19:38 | Crear | Scout Cavalry |
| 19:41 | Construir | House |
| 19:42 | Construir | House |
| 19:52 | Crear | Skirmisher |
| 20:05 | Crear | Scout Cavalry |
| 20:20 | Crear | Villager (Male) |
| 20:27 | Construir | Watch Tower |
| 20:30 | Crear | Skirmisher |
| 20:31 | Crear | Scout Cavalry |
| 20:35 | Crear | Villager (Male) |
| 20:38 | Construir | Watch Tower |
| 20:40 | Crear | Villager (Male) |
| 20:50 | Construir | House |
| 20:53 | Construir | Blacksmith |
| 20:55 | Construir | Blacksmith |
| 21:10 | Crear | Villager (Male) |
| 21:14 | Crear | Villager (Male) |
| 21:16 | Crear | Villager (Male) |
| 21:18 | Crear | Scout Cavalry |
| 21:22 | Crear | Villager (Male) |
| 21:24 | Construir | House |
| 21:43 | Investigar | Fletching |
| 21:47 | Crear | Villager (Male) |
| 21:48 | Construir | Mining Camp |
| 21:50 | Crear | Villager (Male) |
| 22:15 | Crear | Villager (Male) |
| 22:26 | Construir | House |
| 22:39 | Crear | Skirmisher |
| 22:41 | Crear | Skirmisher |
| 22:43 | Construir | Watch Tower |
| 22:52 | Construir | Watch Tower |
Cronología de la partida
| 4:52 | DS_Overtaken · first_building Barracks |
| 6:30 | wR.Lucho · wall_segment Palisade Wall x4 |
| 6:42 | wR.Lucho · wall_segment Palisade Wall x12 |
| 6:59 | wR.Lucho · wall_segment Palisade Wall x2 |
| 7:01 | wR.Lucho · wall_segment Palisade Wall x6 |
| 7:34 | wR.Lucho · wall_segment Palisade Wall x3 |
| 8:08 | wR.Lucho · wall_segment Palisade Wall x1 |
| 8:09 | wR.Lucho · wall_segment Palisade Wall x1 |
| 8:29 | wR.Lucho · wall_segment Palisade Wall x1 |
| 8:30 | wR.Lucho · wall_segment Palisade Wall x1 |
| 8:53 | wR.Lucho · wall_segment Palisade Wall x1 |
| 8:54 | wR.Lucho · wall_segment Palisade Wall x1 |
| 9:02 | wR.Lucho · first_building Barracks |
| 9:20 | wR.Lucho · age_up feudal |
| 9:37 | wR.Lucho · first_building Archery Range |
| 10:07 | DS_Overtaken · age_up feudal |
| 12:26 | wR.Lucho · wall_segment Palisade Wall x1 |
| 12:27 | wR.Lucho · wall_segment Palisade Wall x1 |
| 13:21 | wR.Lucho · wall_segment Palisade Wall x1 |
| 14:13 | DS_Overtaken · first_building Archery Range |
| 14:40 | wR.Lucho · wall_segment Palisade Wall x1 |
| 16:19 | DS_Overtaken · wall_segment Palisade Wall x1 |
| 17:04 | DS_Overtaken · wall_segment Palisade Wall x1 |
| 17:04 | DS_Overtaken · wall_segment Palisade Wall x1 |
| 17:05 | DS_Overtaken · wall_segment Palisade Wall x1 |
| 17:11 | DS_Overtaken · wall_segment Palisade Wall x1 |
| 17:16 | DS_Overtaken · wall_segment Palisade Wall x1 |
| 17:17 | DS_Overtaken · wall_segment Palisade Wall x1 |
| 17:25 | DS_Overtaken · wall_segment Palisade Wall x1 |
| 18:18 | wR.Lucho · first_building Stable |
| 21:40 | DS_Overtaken · wall_segment Palisade Wall x1 |
| 21:47 | DS_Overtaken · wall_segment Palisade Wall x1 |
| 22:14 | DS_Overtaken · wall_segment Palisade Wall x1 |
| 22:16 | DS_Overtaken · wall_segment Palisade Wall x1 |
| 22:17 | DS_Overtaken · wall_segment Palisade Wall x1 |
| 22:33 | DS_Overtaken · age_up castle |
| 23:45 | DS_Overtaken · wall_segment Stone Wall x1 |
| 23:47 | DS_Overtaken · wall_segment Stone Wall x1 |
| 23:48 | DS_Overtaken · wall_segment Stone Wall x1 |
| 23:50 | DS_Overtaken · wall_segment Stone Wall x1 |
| 25:12 | DS_Overtaken · wall_segment Stone Wall x1 |
| 27:37 | wR.Lucho · resign |
[ ANÁLISIS IA · 1 CRÉDITO ]
¿Qué pasó realmente en esta partida?
Wolo.gg analiza cada decisión: build order, eco, micro, errores típicos por bracket. Análisis personalizado por WhatsApp o Discord en 30 segundos.
Guía civ
Vikingos
Perfil
Overtaken